 Dungeon Crawl Stone Soup version 0.21.0-3-g78d12a8 (webtiles) character file.

9923 Monsterracer the Cleaver (level 11, 0/91 HPs)
             Began as a Minotaur Chaos Knight on Jan 13, 2018.
             Slain by Monsterracer's ghost (1 damage)
             ... on level 10 of the Dungeon.
             The game lasted 00:15:42 (12369 turns).

Monsterracer the Cleaver (Minotaur Chaos Knight)   Turns: 12369, Time: 00:15:42

Health: 0/91       AC: 16    Str: 20    XL:     11   Next: 29%
Magic:  10/10      EV:  8    Int:  9    God:    Xom [...*..]
Gold:   226        SH:  4    Dex: 10    Spells: 10/10 levels left

rFire    . . .     SeeInvis .   a - +0 broad axe
rCold    . . .     Gourm    .   o - +0 buckler
rNeg     . . .     Faith    .   d - +1 chain mail
rPois    .         Spirit   .   (helmet restricted)
rElec    .         Reflect  .   (no cloak)
rCorr    .         Harm     .   n - +2 pair of gloves
MR       .....                  (no boots)
Stlth    ..........             (no amulet)
HPRegen  0.25/turn              B - ring of wizardry
MPRegen  0.12/turn              (no ring)

@: no status effects
A: retaliatory headbutt, horns 2, frail 1
a: Renounce Religion


You were on level 10 of the Dungeon.
You worshipped Xom.
You were a favourite toy of Xom.
You were not hungry.

You visited 1 branch of the dungeon, and saw 10 of its levels.

You collected 398 gold pieces.
You spent 172 gold pieces at shops.

Inventory:

Hand Weapons
 a - a +0 broad axe (weapon)
 b - a +0 morningstar
 z - a +0 flail
Missiles
 D - 2 throwing nets (quivered)
Armour
 d - a +1 chain mail (worn)
 n - a +2 pair of gloves (worn)
 o - a +0 buckler (worn)
Jewellery
 B - a ring of wizardry (left hand)
Wands
 p - a wand of polymorph (9)
 q - a wand of iceblast (16)
 w - a wand of disintegration (9)
 x - a wand of flame (16)
Scrolls
 f - 4 scrolls of magic mapping {!r}
 i - a scroll of remove curse
 s - 5 scrolls of teleportation
 t - 3 scrolls of random uselessness {unknown}
 y - a scroll of enchant weapon {unknown}
 A - a scroll of vulnerability {unknown}
 C - 3 scrolls of enchant armour
Potions
 e - a potion of brilliance
 g - 2 potions of curing
 h - 2 potions of lignification
 j - a potion of flight {unknown}
 k - a potion of magic {unknown}
 l - a potion of heal wounds {unknown}
 m - 2 potions of resistance
 r - a potion of berserk rage {unknown}
 u - a potion of cancellation {unknown}
Comestibles
 c - 14 rations
 v - 3 chunks of flesh


   Skills:
 + Level 11.0 Fighting
 * Level 14.4 Axes
 + Level 10.6 Armour
 - Level 1.4 Dodging
 - Level 4.0 Shields


You had 10 spell levels left.
You didn't know any spells.

Dungeon Overview and Level Annotations

Branches:
Dungeon (10/15)            Temple (0/1) D:7            Lair (0/6) D:9
    Orc (0/2) D:10

Altars:
Cheibriados
Dithmenos
Elyvilon
Fedhas
Gozag
Hepliaklqana
Kikubaaqudgha
Makhleb
Ru
Sif Muna
Xom
Yredelemnul
Zin
The Shining One

Shops:
D:4 [   D:5 *?}   D:6 (

Annotations:
D:7 Blork the orc
D:9 1 transporter
D:10 Monsterracer's ghost, journeyman MiCK


Innate Abilities, Weirdness & Mutations

You reflexively headbutt those who attack you in melee.
You have a pair of horns on your head.
You are frail. (-10% HP)


Message History

No target in view!
You regained 7 hp, and now have 82/91 hp.
Xom notices you.
You feel dizzy.
You regained 4 hp, and now have 86/91 hp.
The world stops spinning.
c - 14 rations (gained 1)
Things that are here:
a giant club; an ogre skeleton
Things that are here:
a leather armour; an orc corpse; Health restored: 91 Monsterracer's ghost (journeyman Minotaur Chaos Knight) comes into view.
It is wielding a vorpal weapon.
Monsterracer's ghost shrieks, "What do you have that I didn't have?"
Monsterracer's ghost is nearby!
Monsterracer's ghost is nearby!
Xom momentarily opens a gate.
You hit Monsterracer's ghost but do no damage.
Monsterracer's ghost hits you!
You take 13 damage, and have 78/91 hp.
Your chain mail prevents you from hitting Monsterracer's ghost.
Monsterracer's ghost hits you.
You take 2 damage, and have 76/91 hp.
You slash Monsterracer's ghost!
Monsterracer's ghost is lightly damaged.
Your iron imp hits Monsterracer's ghost but does no damage.
You hit Monsterracer's ghost but do no damage.
You headbutt Monsterracer's ghost.
Monsterracer's ghost is lightly damaged.
Your quasit bites Monsterracer's ghost but does no damage.
Your quasit claws Monsterracer's ghost but does no damage.
Your quasit closely misses Monsterracer's ghost.
Monsterracer's ghost hits your quasit!
Your quasit dies!
Your iron imp hits Monsterracer's ghost but does no damage.
Monsterracer's ghost turns its malevolent gaze towards you.
You barely miss Monsterracer's ghost.
Monsterracer's ghost is lightly damaged.
Monsterracer's ghost hits you but does no damage.
Your iron imp hits Monsterracer's ghost but does no damage.
You closely miss Monsterracer's ghost.
Your headbutt misses Monsterracer's ghost.
Monsterracer's ghost is lightly damaged.
Your iron imp hits Monsterracer's ghost!
Monsterracer's ghost hits you.
Your iron imp misses Monsterracer's ghost.
You take 7 damage, and have 70/91 hp.
Your chain mail prevents you from hitting Monsterracer's ghost.
You headbutt Monsterracer's ghost, but do no damage.
Monsterracer's ghost is moderately damaged.
Monsterracer's ghost hits you!
Your iron imp barely misses Monsterracer's ghost.
You take 16 damage, and have 54/91 hp.
You closely miss Monsterracer's ghost.
Monsterracer's ghost is moderately damaged.
Your iron imp hits Monsterracer's ghost!
Monsterracer's ghost screams, "What do you have that I didn't have?"
Monsterracer's ghost hits you but does no damage.
You are too injured to fight recklessly!
You are too injured to fight recklessly!
You hit Monsterracer's ghost but do no damage.
Monsterracer's ghost is moderately damaged.
Your iron imp closely misses Monsterracer's ghost.
Your iron imp misses Monsterracer's ghost.
Monsterracer's ghost hits you but does no damage.
You are too injured to fight recklessly!
You hit Monsterracer's ghost but do no damage.
You headbutt Monsterracer's ghost, but do no damage.
Monsterracer's ghost is moderately damaged.
Your iron imp barely misses Monsterracer's ghost.
Monsterracer's ghost hits you!
* * * LOW HITPOINT WARNING * * *
* * * LOW HITPOINT WARNING * * *
You take 18 damage, and have 36/91 hp.
Your iron imp hits Monsterracer's ghost but does no damage. x2
Your iron imp hits Monsterracer's ghost but does no damage.
Your iron imp hits Monsterracer's ghost but does no damage. "Serve the toy, my child!"
Your ufetubus hits Monsterracer's ghost but does no damage.
Your ufetubus completely misses Monsterracer's ghost.
Your ufetubus closely misses Monsterracer's ghost.
Your ufetubus hits Monsterracer's ghost.
Your ufetubus hits Monsterracer's ghost but does no damage.
Your ufetubus closely misses Monsterracer's ghost.
You slash Monsterracer's ghost!
Monsterracer's ghost is moderately damaged. "Forecast: mostly cloudy."
You are now a favourite toy of Xom.
Your iron imp disappears in a puff of smoke!
Monsterracer's ghost hits you!!
* * * LOW HITPOINT WARNING * * *
* * * LOW HITPOINT WARNING * * *
You take 32 damage, and have 8/91 hp.
MASSIVE DAMAGE!!
Your ufetubus hits Monsterracer's ghost but does no damage. x2
Your ufetubus closely misses Monsterracer's ghost.
Your ufetubus hits Monsterracer's ghost but does no damage.
There is a stone staircase leading up here.
Monsterracer's ghost hits you!
* * * LOW HITPOINT WARNING * * *
You die...
Xom chortles!

#.#......#.....###....#.......#
#....##...##...# #....###.#####
##############≈..#####.####.# #
#........#....≈..##.........# #
..#..##..#........'.........# #
5[#............§..#.........# #
..#..#......§§§.<.#.....###.# #
#5#.#.......§§5W.##.÷?..# #.#
#.#....§...#5###@##.....###'###
#.####5#...#.###.##.....#.....#
...5.........#....#.....#.....#
..####.#...#......#.....#.....#
#...[......#.#....#.##........###
#..........#........###..........
#..≈.......###....### #........).
#...≈≈.....# #....# #..........
#..........###....# #..≈≈≈≈....


You could see Monsterracer's ghost and a friendly ufetubus.

Vanquished Creatures
  Harold (D:10)
  2 two-headed ogres (D:9)
  Pikel (D:8)
  A cyclops (D:7)
  Psyche (D:8)
  A gargoyle (D:10)
  A dream sheep (D:8)
  Sigmund (D:5)
  A shadow (D:7)
  A vampire (D:9)
  Grum (D:8)
  2 wyverns (D:9)
  2 hungry ghosts
  A steam dragon (D:7)
  The ghost of BadBadger the Insei, an amateur DsGl (D:3)
  An ice beast (D:9)
  2 sky beasts
  A black bear (D:7)
  3 orc warriors
  3 phantoms
  An eye of draining (D:9)
  4 centaurs
  3 wolves (D:8)
  2 ogres (D:10)
  2 big kobolds
  11 bullfrogs
  A wyvern skeleton (D:10)
  2 water moccasin zombies
  4 scorpions
  A troll zombie (D:10)
  11 wights
  A howler monkey (D:4)
  A crimson imp (D:6)
  4 bullfrog zombies
  A centaur zombie (D:5)
  A jelly (D:9)
  6 orc priests
  A bullfrog skeleton (D:9)
  2 hounds (D:8)
  An iguana (D:7)
  10 orc wizards
  A centaur skeleton (D:5)
  Jessica (D:2)
  Natasha (thrice) (D:2)
  8 worker ants
  A killer bee zombie (D:7)
  7 ogre zombies (D:10)
  A hound zombie (D:10)
  3 hound skeletons
  3 worker ant zombies
  12 adders
  A shadow imp (D:9)
  2 oozes
  2 adder skeletons
  4 worms
  2 dart slugs
  A leopard gecko (D:9)
  32 orcs
  A ball python (D:5)
  7 giant cockroaches
  7 goblins
  2 hobgoblins
  9 jackals
  3 quokkas
  3 bats
  8 frilled lizards
  5 goblin skeletons (D:10)
  4 goblin zombies (D:10)
  2 hobgoblin skeletons (D:10)
  3 hobgoblin zombies (D:10)
  2 jackal skeletons
  17 kobolds
  A leopard gecko zombie (D:5)
  11 orc zombies (D:10)
  5 rats
272 creatures vanquished.

Vanquished Creatures (collateral kills)
  A wight (D:9)
1 creature vanquished.

Vanquished Creatures (others)
  4 dream sheep (D:8)
  A slave (D:8)
  A bullfrog (D:8)
  An orc priest (D:8)
  A worker ant (D:8)
  2 orcs
10 creatures vanquished.

Grand Total: 283 creatures vanquished

Notes
Turn   | Place    | Note
-------+----------+-------------------------------------------
     0 | D:1      | Monsterracer the Minotaur Chaos Knight began the quest for the Orb.
     0 | D:1      | Reached XP level 1. HP: 19/19 MP: 0/0
   137 | D:1      | XOM: silly message
   138 | D:1      | XOM: divination: detect items
   244 | D:1      | Found a snail-covered altar of Cheibriados.
   360 | D:1      | Reached XP level 2. HP: 25/27 MP: 1/1
   380 | D:1      | Reached skill level 4 in Axes
   828 | D:2      | You fall through a shaft for 2 floors!
   835 | D:4      | Reached XP level 3. HP: 33/33 MP: 2/2
   836 | D:4      | Found a shadowy altar of Dithmenos.
   880 | D:4      | Reached XP level 4. HP: 40/40 MP: 3/3
   903 | D:4      | XOM: harmless Pois miscast
   974 | D:3      | Reached skill level 5 in Axes
  1202 | D:2      | Noticed Jessica
  1213 | D:2      | Killed Jessica
  1250 | D:2      | XOM: 8-stop teleportation journey
  1302 | D:2      | XOM: medium Air miscast
  1450 | D:2      | Reached XP level 5. HP: 47/47 MP: 4/4
  1581 | D:2      | XOM: god gift: 5 needles of confusion
  1607 | D:2      | Noticed Natasha
  1609 | D:2      | XOM: 2-stop teleportation journey
  1698 | D:2      | XOM: divination: magic mapping
  1757 | D:2      | XOM: summons 4 friendly demons
  1758 | D:2      | Killed Natasha
  1758 | D:2      | Reached skill level 5 in Fighting
  1758 | D:2      | Reached skill level 6 in Axes
  1776 | D:2      | XOM: give mutation
  1776 | D:2      | Gained mutation: You are frail. (-10% HP) [Xom's mischief]
  1792 | D:2      | Noticed Natasha
  1793 | D:2      | Killed Natasha
  1913 | D:2      | Reached XP level 6. HP: 50/50 MP: 5/5
  1950 | D:2      | Noticed Natasha
  1954 | D:2      | Killed Natasha
  2144 | D:3      | Found a blossoming altar of Fedhas.
  2514 | D:3      | XOM: 1-stop teleportation journey
  2680 | D:3      | Found a glowing silver altar of Zin.
  3022 | D:3      | Noticed BadBadger's ghost (amateur DsGl)
  3025 | D:3      | XOM: harmless Chrm miscast
  3028 | D:3      | XOM: mild Pois miscast
  3037 | D:3      | Killed BadBadger's ghost
  3037 | D:3      | Reached skill level 7 in Axes
  3084 | D:3      | XOM: scenery: 2 doors close
  3091 | D:3      | XOM: harmless Tloc miscast
  3591 | D:4      | Found a burning altar of Makhleb.
  3608 | D:4      | Found Toushry's Antique Armour Shop.
  3693 | D:4      | Bought a pair of gloves for 94 gold pieces
  3808 | D:4      | Noticed an orc warrior
  3810 | D:4      | XOM: swap monsters
  3815 | D:4      | Killed an orc warrior
  3815 | D:4      | Reached skill level 5 in Armour
  3815 | D:4      | Reached XP level 7. HP: 39/55 MP: 6/6
  3819 | D:4      | XOM: destruction
  3824 | D:4      | XOM: summons 1 hostile demon
  4333 | D:4      | XOM: harmless Hex miscast
  4341 | D:5      | Entered Level 5 of the Dungeon
  4407 | D:5      | XOM: potion effect (brilliance)
  4415 | D:5      | Noticed Sigmund
  4424 | D:5      | Reached skill level 1 in Shields
  4433 | D:5      | HP: 22/56 [something (9)]
  4434 | D:5      | Killed Sigmund
  4434 | D:5      | Reached skill level 8 in Axes
  4653 | D:5      | Found a white marble altar of Elyvilon.
  4698 | D:5      | Found Geff's Gadget Shop.
  4844 | D:5      | Found an opulent altar of Gozag.
  4855 | D:5      | Found Nuyrus's Magic Scroll Shoppe.
  4856 | D:5      | XOM: divination: detect creatures
  4859 | D:5      | XOM: enchant monster (good)
  4863 | D:5      | Reached XP level 8. HP: 47/63 MP: 7/7
  4872 | D:5      | Bought a scroll of teleportation for 39 gold pieces
  4872 | D:5      | Bought a scroll of teleportation for 39 gold pieces
  5083 | D:5      | Found Sustra's General Store.
  5538 | D:6      | XOM: harmless Fire miscast
  5558 | D:6      | Found a glowing golden altar of the Shining One.
  5619 | D:6      | XOM is BORED!
  5619 | D:6      | XOM: medium Air miscast
  5690 | D:6      | XOM: cast spell 'Summon Ice Beast'
  5726 | D:6      | XOM: harmless Summ miscast
  5759 | D:6      | XOM: confuse monster(s)
  5763 | D:6      | Reached skill level 9 in Axes
  6015 | D:6      | Found Jigg's Antique Weapon Shop.
  6254 | D:7      | XOM: cast spell 'Summon Mana Viper'
  6260 | D:7      | Noticed a troll
  6265 | D:7      | Noticed a cyclops
  6312 | D:7      | Found a staircase to the Ecumenical Temple.
  6319 | D:7      | HP: 30/65 [water moccasin zombie (3)]
  6319 | D:7      | XOM: smoke on damage
  6323 | D:7      | XOM: summons friendly shadow imp
  6326 | D:6      | HP: 19/65 [orc warrior/hand axe (5)]
  6327 | D:6      | HP: 6/65 [orc warrior/hand axe (13)]
  6355 | D:6      | XOM: blink monster(s)
  6632 | D:6      | XOM: butterfly on damage
  6634 | D:6      | Reached skill level 10 in Axes
  6755 | D:7      | XOM: butterfly on damage
  6757 | D:7      | XOM: confuse monster(s)
  6761 | D:7      | Killed a cyclops
  6761 | D:7      | Reached XP level 9. HP: 40/72 MP: 8/8
  6768 | D:7      | XOM: cast spell 'Call Canine Familiar'
  6976 | D:7      | Found a sacrificial altar of Ru.
  7045 | D:7      | XOM: harmless Chrm miscast
  7117 | D:7      | a troll changed into a black bear
  7120 | D:7      | XOM: potion effect (might)
  7198 | D:7      | Reached skill level 11 in Axes
  7321 | D:7      | Found a hazy altar of Hepliaklqana.
  7623 | D:7      | Noticed Blork the orc
  7646 | D:7      | Found a deep blue altar of Sif Muna.
  7652 | D:7      | XOM: potion effect (curing)
  7656 | D:7      | XOM: harmless Hex miscast
  7665 | D:7      | XOM: potion effect (invisibility)
  7856 | D:8      | XOM: cloud trail
  7915 | D:8      | Noticed Pikel
  7925 | D:8      | XOM: summons 4 friendly demons
  7926 | D:8      | Killed Pikel
  7942 | D:8      | XOM: 1-stop teleportation journey
  7943 | D:8      | Noticed Psyche
  7947 | D:8      | XOM: potion effect (agility)
  7957 | D:8      | HP: 37/74 [something (1)]
  7960 | D:8      | Killed Psyche
  7960 | D:8      | Reached skill level 12 in Axes
  7960 | D:8      | Reached XP level 10. HP: 39/81 MP: 9/9
  8279 | D:8      | Noticed Grum
  8283 | D:8      | XOM: noise
  8289 | D:8      | HP: 35/81 [Grum/glaive of venom (12)]
  8292 | D:8      | Killed Grum
  8294 | D:8      | HP: 28/81 [poisoned by Grum]
  8297 | D:8      | HP: 13/81 [poisoned by Grum]
  8302 | D:8      | HP: 8/81 [poisoned by Grum]
  8308 | D:8      | HP: 6/81 [poisoned by Grum]
  8313 | D:8      | HP: 4/81 [poisoned by Grum]
  8319 | D:8      | HP: 3/81 [poisoned by Grum]
  8327 | D:8      | HP: 3/81 [poisoned by Grum]
  8687 | D:8      | Got a heavy robe
  8705 | D:8      | XOM: silly message
  8715 | D:8      | XOM: harmless Hex miscast
  8805 | D:8      | Found a shimmering altar of Xom.
  9191 | D:9      | Found a staircase to the Lair.
  9312 | D:9      | XOM is BORED!
  9312 | D:9      | XOM: confusion (+ monsters)
  9482 | D:9      | XOM: 5-stop teleportation journey
  9543 | D:9      | Noticed a two-headed ogre
  9550 | D:9      | HP: 35/81 [two-headed ogre/giant spiked club (18)]
  9562 | D:9      | HP: 19/81 [two-headed ogre/giant spiked club (19)]
  9564 | D:9      | Killed a two-headed ogre
  9570 | D:9      | XOM: divination: magic mapping
  9571 | D:9      | HP: 19/83 [ice beast (2)]
  9571 | D:9      | HP: 5/83 [ice beast (14)]
  9585 | D:9      | Reached skill level 13 in Axes
  9619 | D:9      | XOM: harmless Necr miscast
  9918 | D:9      | XOM: god gift: potion of curing
  9935 | D:9      | XOM: confuse monster(s)
  9941 | D:9      | Reached skill level 10 in Fighting
  9994 | D:9      | Found a basalt altar of Yredelemnul.
  9994 | D:9      | XOM: 2-stop teleportation journey
  9996 | D:9      | Noticed a death knight
  9998 | D:9      | Found an ancient bone altar of Kikubaaqudgha.
 10067 | D:9      | XOM: medium Necr miscast
 10085 | D:9      | XOM: potion effect (agility)
 10101 | D:9      | XOM: potion effect (heal wounds)
 10176 | D:9      | Noticed a two-headed ogre
 10193 | D:9      | XOM: confusion (+ monsters)
 10198 | D:9      | Killed a two-headed ogre
 10199 | D:9      | Reached skill level 10 in Armour
 10433 | D:9      | XOM: chaos upgrade
 10545 | D:9      | Found a transporter.
 10545 | D:9      | Found a transporter.
 10545 | D:9      | XOM: 5-stop teleportation journey
 10546 | D:9      | XOM: cast spell 'Dispersal'
 10646 | D:9      | Reached XP level 11. HP: 88/90 MP: 10/10
 11016 | D:10     | Entered Level 10 of the Dungeon
 11139 | D:10     | Reached skill level 14 in Axes
 11178 | D:10     | XOM: scenery: 1 doors open
 11276 | D:10     | HP: 33/90 [gargoyle/stone arrow (16)]
 11326 | D:10     | XOM: harmless Pois miscast
 11359 | D:10     | XOM: harmless Fire miscast
 11587 | D:10     | XOM: summons 5 friendly demons
 11755 | D:10     | XOM: silly message
 11768 | D:10     | Noticed Harold
 11789 | D:10     | HP: 31/90 [Harold/bolt of fire (33)]
 11789 | D:10     | XOM: butterfly on damage
 11794 | D:10     | Killed Harold
 11997 | D:10     | XOM: harmless Tloc miscast
 12144 | D:10     | Found a staircase to the Orcish Mines.
 12150 | D:10     | XOM: blink monster(s)
 12155 | D:10     | XOM: silly message
 12276 | D:10     | XOM: medium Hex miscast
 12334 | D:10     | Noticed Monsterracer's ghost (journeyman MiCK)
 12337 | D:10     | XOM: summons 3 friendly demons
 12347 | D:10     | HP: 39/91 [Monsterracer's ghost (16)]
 12359 | D:10     | XOM: summons friendly ufetubus
 12365 | D:10     | XOM: fog
 12365 | D:10     | HP: 13/91 [Monsterracer's ghost (27)]
 12369 | D:10     | HP: 1/91 [Monsterracer's ghost (8)]
 12369 | D:10     | Slain by Monsterracer's ghost

Skill      XL: |  1  2  3  4  5  6  7  8  9 10 11 |
---------------+----------------------------------+-----
Axes           | 4 5 6 7 8 10 12 13 14 | 14.4
Fighting       | 4 5 6 7 9 10 11 | 11.0
Armour         | 3 4 5 7 8 10 | 10.6
Shields        | 2 4 |  4.0
Dodging        | |  1.4

Action                   |  1- 3 |  4- 6 |  7- 9 | 10-12 || total
-------------------------+-------+-------+-------+-------++-------
Melee: Hand axe          |    45 |   132 |       |       ||   177
       Headbutt          |     7 |    26 |    47 |    63 ||   143
       War axe           |       |    58 |   262 |   153 ||   473
       Broad axe         |       |       |       |   168 ||   168
Evoke: Wand              |       |       |     1 |     2 ||     3
       Phantom mirror    |       |       |       |     1 ||     1
  Use: Scroll            |     4 |     6 |     3 |     4 ||    17
       Potion            |       |       |       |     2 ||     2
 Stab: Petrified         |       |     1 |     1 |       ||     2
       Confused          |       |       |       |     3 ||     3
  Eat: Chunk             |       |     6 |    11 |    13 ||    30
       Ration            |       |     1 |     1 |     1 ||     3
Armor: Leather armour    |     1 |       |       |       ||     1
       Chain mail        |    12 |   106 |   163 |   125 ||   406
Dodge: Dodged            |    23 |    58 |   108 |   110 ||   299
Block: Buckler           |       |       |    38 |    51 ||    89

Vault maps used:
D:1:      tarquinn_simple_flora_water_d, cheibriados_altar_1
D:2:      first_ration, uniq_jessica, uniq_natasha
D:3:      fedhas_altar_1, lemuel_doored_altar, grunt_decor_cap,
          minmay_fountain_box
D:4:      lemuel_crystal_altar, old_standard_altar, serial_shops, shop
D:5:      nicolae_overflow_hidden_temple, lemuel_round_altar, serial_shops,
          shop, shop, shop, uniq_sigmund
D:6:      tso_metal_star, serial_shops, nicolae_shop_overgrown_old_shop
D:7:      minmay_blocky_corners, tgw_sif, lemuel_coloured_pillars_altar,
          minmay_temple_entry_overgrown, nicolae_ru_awakened_eye
D:8:      kb_xom_exploding_sheep, hangedman_abyss_or_decor_passed, uniq_grum,
          uniq_psyche, uniq_pikel
D:9:      gammafunk_temple_of_torment, lair_entry_dummy, serial_park_tiny_pond
D:10:     zombieorc2_lemuel, grunt_ogre_cave, hangedman_decor_slide_cut,
          uniq_harold
